 Dungeon Crawl Stone Soup version 0.28-a0-265-g048bc9fd10 (webtiles) character file.

Game seed: 12420993970107968705

11 Shayle the Magician (level 2, -1/23 HPs)
             Began as a Djinni Warper on Aug 27, 2021.
             Slain by a quokka (4 damage)
             ... on level 1 of the Dungeon.
             The game lasted 00:02:40 (408 turns).

Shayle the Magician (Djinni Warper)                  Turns: 408, Time: 00:02:40

Health: -1/23      AC:  3    Str: 10    XL:     2   Next: 40%
Gold:   19         EV: 11    Int: 14    God:
                   SH:  0    Dex: 12

rFire   + + .      SeeInvis .     - Unarmed
rCold   x . .      Faith    .   (no shield)
rNeg    . . .      Spirit   .   a - +0 leather armour
rPois   ∞          Reflect  .   (no helmet)
rElec   .          Harm     .   (no cloak)
rCorr   .          Rampage  .   (no gloves)
Will    .....                   (boots unavailable)
Stlth   +.........              (no amulet)
HPRegen 0.07/turn               (no ring)
MPRegen 0.00/turn               (no ring)

@: flying
A: sickness immunity, fire resistance 2, cold vulnerability 1, float, innate
caster, hp casting, extra vitality 1
a: no special abilities


You were on level 1 of the Dungeon.
You visited 1 branch of the dungeon, and saw 1 of its levels.

You collected 19 gold pieces.

Inventory:

Missiles
 c - 5 boomerangs of dispersal (quivered)
Armour
 a - a +0 leather armour (worn)
Scrolls
 b - a scroll of blinking


   Skills:
 + Level 2.2 Fighting
 + Level 1.0 Throwing
 - Level 1.0 Armour
 - Level 2.1 Dodging
 + Level 2.2 Unarmed Combat
 + Level 2.5 Spellcasting


You couldn't memorise any spells.
You knew the following spells:

 Your Spells              Type           Power      Damage    Failure   Level
a - Blink                 Tloc           N/A        N/A       16%         2
b - Lesser Beckoning      Tloc           4%         N/A       32%         3
c - Gell's Gravitas       Tloc           4%         N/A       32%         3
d - Teleport Other        Tloc           9%         N/A       32%         3
e - Manifold Assault      Tloc           9%         N/A       96%         5
Your spell library was empty.

Dungeon Overview and Level Annotations

Branches:
Dungeon (1/15)

Altars:


Innate Abilities, Weirdness & Mutations

You are immune to sickness and miasma.
You are immune to poison.
Your flesh is very heat resistant. (rF++)
You are vulnerable to cold. (rC-)
You float through the air rather than walking.
You learn spells naturally, not from books.
Your magical power is your life essence.
You have superior vitality. (+4 HP)


Message History

You closely miss the quokka. The quokka closely misses you.
You hit the quokka but do no damage. The quokka barely misses you.
You miss the quokka. The quokka bites you.
* * * LOW HITPOINT WARNING * * *
You hit the quokka but do no damage. The quokka closely misses you.
You barely miss the quokka. The quokka barely misses you.
You hit the quokka.
The quokka is heavily wounded.
The quokka twitches its whiskers.
The quokka completely misses you. The quokka barely misses you.
You closely miss the quokka.
The quokka is moderately wounded.
The quokka barely misses you.
You barely miss the quokka.
The quokka is moderately wounded.
The quokka bites you but does no damage.
You hit the quokka.
The quokka is heavily wounded.
The quokka barely misses you.
You closely miss the quokka.
The quokka is heavily wounded.
The quokka bites you.
* * * LOW HITPOINT WARNING * * *
You closely miss the quokka.
The quokka is heavily wounded.
The quokka bites you but does no damage.
The quokka bites you.
* * * LOW HITPOINT WARNING * * *
It was a potion of cancellation.
You feel magically purged. The quokka misses you.
You miss the quokka.
The quokka is heavily wounded.
The quokka bites you but does no damage.
You barely miss the quokka.
The quokka is heavily wounded.
The quokka bites you but does no damage.
You hit the quokka.
The quokka is almost dead.
The quokka bites you.
You die...

#....# #..# #.# #....###.###.#
#....##..#..# #..........#
+######.(........#
.......##........#
.......#########.# ......(#
#r# ###.# .......##### #@#
#... .......#...#####.# #...
..............##.# #..#
####.### .................#
#..# ##.......
#####............#
#..###........ #.....#......#
#..##.........
##+#..+......###..#..........
###....#......##..##..........
#................###..........


You could see a quokka.

Vanquished Creatures
  A ball python (D:1)
  2 endoplasms (D:1)
  A giant cockroach (D:1)
  A goblin (D:1)
  A hobgoblin (D:1)
  2 kobolds (D:1)
  2 rats (D:1)
10 creatures vanquished.

Notes
Turn   | Place    | Note
-------+----------+-------------------------------------------
     0 | D:1      | Shayle the Djinni Warper began the quest for the Orb.
     0 | D:1      | Reached XP level 1. HP: 18/18 MP: 0/0
   104 | D:1      | Reached skill level 1 in Throwing
   108 | D:1      | Reached XP level 2. HP: 9/23 MP: 0/0
   408 | D:1      | Slain by a quokka

Illustrated notes

Levels and vault maps discovered:
D:1:      psy_arrival_dodecagon, layout_basic, minmay_pentomino_r4

Skill      XL: |  1 |
---------------+----+-----
Throwing       | 1 |  1.0
Fighting       | |  2.2
Armour         | |  1.0
Dodging        | |  2.1
Unarmed Combat | |  2.2
Spellcasting   | |  2.5

Action                   || total
-------------------------++-------
Melee: Unarmed           ||    56
  Use: Potion            ||     1
Armor: Leather armour    ||    20
Dodge: Dodged            ||    32

Table legend: (Time is in decaauts)
 A = Elapsed time spent in this place.
 B = Non-inter-level travel time spent in this place.
 C = Inter-level travel time spent in this place.
 D = Time resting spent in this place.
 E = Time spent auto-exploring this place.
 F = Levels seen in this place.
 G = Mean time per level.
                   A        B        C        D        E       F      G
               +--------+--------+--------+--------+--------+-----+--------+
         Total |    405 |    405 |      0 |    193 |     93 |   1 |  405.0 |
       Dungeon |    405 |    405 |      0 |    193 |     93 |   1 |  405.0 |
               +--------+--------+--------+--------+--------+-----+--------+

Top non-repeatable levels by time:
     D:1: 405 daAuts
